 Dungeon Crawl Stone Soup version 0.29-a0-297-g7659ce593d (webtiles) character file.

Game seed: 13410251267506925822

231 Dabor the Caller (level 5, -12/28 HPs)
             Began as a Deep Elf Summoner on Mar 20, 2022.
             Was an Elder of Elyvilon.
             Killed by divine providence
             ... invoked by an orc priest
              (14 damage)
             ... on level 7 of the Dungeon.
             The game lasted 00:11:47 (4783 turns).

Dabor the Caller (Deep Elf Summoner)                Turns: 4783, Time: 00:11:47

Health: -12/28     AC:  2    Str:  8    XL:     5   Next: 72%
Magic:  8/13       EV: 13    Int: 22    God:    Elyvilon [****..]
Gold:   157        SH:  0    Dex: 18    Spells: 4/13 levels left

rFire   . . .      SeeInvis .   m - +4 hand axe
rCold   + . .      Faith    .   (no shield)
rNeg    . . .      Spirit   .   a - +0 robe
rPois   .          Reflect  .   (no helmet)
rElec   .          Harm     .   (no cloak)
rCorr   .          Rampage  .   (no gloves)
Will    ++...                   (no boots)
Stlth   +++.......              (no amulet)
HPRegen 0.09/turn               c - ring of Rexzog {Fly rC+ Will+ Str+3 Dex+3}
MPRegen 0.13/turn               n - ring of willpower

@: flying, very slightly contaminated
A: no striking features
a: Renounce Religion, Purification, Heal Other, Heal Self


You were on level 7 of the Dungeon.
You worshipped Elyvilon.
Elyvilon was greatly pleased with you.
You visited 1 branch of the dungeon, and saw 5 of its levels.

You collected 217 gold pieces.
You spent 60 gold pieces at shops.

Inventory:

Hand Weapons
 m - a +4 hand axe (weapon)
Armour
 a - a +0 robe (worn)
Jewellery
 c - the ring of Rexzog (left hand) {Fly rC+ Will+ Str+3 Dex+3}
   (You took it off an orc on level 4 of the Dungeon)

   [ring of protection from cold]

   Str:       It affects your strength (+3).
   Dex:       It affects your dexterity (+3).
   rC:        It protects you from cold.
   Fly:       It grants you flight.
   Will:      It increases your willpower.
 n - a ring of willpower (right hand)
Scrolls
 e - 2 scrolls of magic mapping
 k - a scroll of silence
Potions
 b - a potion of magic
 d - a potion of invisibility
 f - 2 potions of might {unknown}
 g - a potion of degeneration {unknown}
 i - 4 potions of mutation {unknown}
 l - a potion of flight {unknown}


   Skills:
 + Level 3.6 Dodging
 - Level 3.2 Stealth
 * Level 4.5 Spellcasting
 + Level 2.8 Hexes
 * Level 5.1 Summonings
 + Level 1.0 Translocations
 + Level 0.7 Air Magic
 + Level 1.5 Invocations


You had 4 spell levels left.
You knew the following spells:

 Your Spells              Type           Power      Damage    Failure   Level
a - Summon Small Mammal   Summ           100%       N/A       1%          1
b - Call Canine Familiar  Summ           27%        N/A       3%          3
c - Summon Guardian Gole  Hex/Summ       22%        N/A       6%          3
d - Blink                 Tloc           18%        N/A       11%         2

Your spell library contained the following spells:

 Spells                   Type           Power      Damage    Failure   Level
 Call Imp                 Summ           27%        N/A       1%          2
 Summon Lightning Spire   Summ/Air       17%        N/A       30%         4
 Manifold Assault         Tloc           9%         N/A       88%         5
 Storm Form               Tmut/Air       3%         N/A       100%        7


Dungeon Overview and Level Annotations

Branches:
Dungeon (4/15)
 Temple: D:4-7

Altars:
Elyvilon
Kikubaaqudgha
Ru
The Shining One

Shops:
D:2 ([?


Message History

Casting: Call Canine Familiar (dangerous; 3% risk of failure)
Confirm with . or Enter, or press ? or * to list all spells.
You blink. 2 necrophages come into view.
Found 4 silver boomerangs.
The orc closely misses you. The orc priest hits you with a +0 club.
The orc attacks as you move away! The orc hits you with a +0 war axe!
The orc priest attacks as you move away!
The orc priest hits you with a +0 club.
You feel stable enough to blink again.
Found a purple potion.
The orc attacks as you move away! The orc barely misses you.
An orc priest and an orc come into view.
The orc priest is wielding a +0 dagger and wearing a +1 leather armour of cold resistance.
The orc priest shouts!
The orc shouts!
You hear a shout!
The orc attacks as you move away! The orc misses you.
An orc wizard comes into view. It is wielding a +0 dagger.
The orc priest begins to cast a cantrip, but forgets the words!
You see here a purple potion.
Found a scroll labelled ISOIFA VUDAS.
The orc priest calls down the wrath of Beogh upon you.
Beogh smites you!
Ouch! That really hurt!
* * * LOW HITPOINT WARNING * * *
Casting: Blink (safe; 11% risk of failure)
Confirm with . or Enter, or press ? or * to list all spells.
The orc closely misses you.
You swap places.
Found a scroll labelled MYSEUDGH ISUU.
Your hound bites the orc.
The orc misses your hound.
Your hound closely misses the orc.
Your hound barely misses the orc.
Casting: Call Canine Familiar (dangerous; 3% risk of failure)
Confirm with . or Enter, or press ? or * to list all spells.
You miscast Blink.
You are very lightly contaminated with residual magic.
Nothing appears to happen.
Your hound bites the orc.
The orc dies!
The orc priest invokes the aid of Beogh against you.
Beogh smites you!
Ouch! That really hurt!
You die...

.. ... ..# #o# #.#
#o# #.# #.# #.# #.#
#.# #.#
##.#####o######
######...h)ooonn...#
.......@#####o####.#
......??# #.####.#
#.... #####..##
#.(..#o## #.....
.... ####nno.#
#..... ###.# #...O#
#.).# #.# #....#
...# #.# #.#.##
#.########$#####
#.#.#
###.[.......?.....
..#.#


You could see a necrophage, an orc priest, 3 orcs and a friendly hound
(summoned).

Vanquished Creatures
  2 adders
  A dart slug (D:4)
  3 orcs (D:3)
  An endoplasm (D:3)
  A giant cockroach (D:3)
  A goblin (D:4)
  A jackal (D:1)
  A quokka (D:4)
  A ball python (D:4)
  2 bats (D:3)
  A frilled lizard (D:3)
  A kobold (D:4)
  A rat zombie (D:3)
  A toadstool (D:1)
18 creatures vanquished.

Vanquished Creatures (collateral kills)
  A scorpion (D:4)
  A hound (D:2)
  3 adders
  A dart slug (D:1)
  2 orcs
  8 bats
  A bat zombie (D:3)
  11 endoplasms
  2 giant cockroaches
  7 goblins
  3 hobgoblins (D:1)
  3 jackals (D:1)
  5 kobolds
  3 quokkas (D:1)
  11 ball pythons
  4 frilled lizards
  2 rats
  A toadstool (D:1)
69 creatures vanquished.

Vanquished Creatures (others)
  6 plants (D:2)
  2 toadstools (D:1)
8 creatures vanquished.

Grand Total: 95 creatures vanquished

Notes
Turn   | Place    | Note
-------+----------+-------------------------------------------
     0 | D:1      | Dabor the Deep Elf Summoner began the quest for the Orb.
     0 | D:1      | Reached XP level 1. HP: 10/10 MP: 6/6
   431 | D:1      | Reached XP level 2. HP: 5/15 MP: 2/8
   933 | D:1      | Found a faded altar of an unknown god.
  1096 | D:1      | Prayed at the altar of an unknown god.
  1096 | D:1      | Became a worshipper of Elyvilon the Healer
  1096 | D:1      | Reached * piety under Elyvilon
  1177 | D:1      | Reached XP level 3. HP: 9/19 MP: 3/10
  1372 | D:1      | Learned a level 3 spell: Call Canine Familiar
  1376 | D:1      | Learned a level 3 spell: Summon Guardian Golem
  2210 | D:2      | Found Borharen's Magic Scroll Boutique.
  2225 | D:2      | Bought a scroll of identify for 22 gold pieces
  2225 | D:2      | Bought a scroll of magic mapping for 38 gold pieces
  2327 | D:2      | Reached skill level 1 in Hexes
  2343 | D:2      | Found Qiwnotz's Antique Armour Shop.
  2361 | D:2      | Reached XP level 4. HP: 21/24 MP: 3/11
  2508 | D:2      | Reached ** piety under Elyvilon
  2546 | D:2      | Reached skill level 1 in Invocations
  2682 | D:2      | Found a sacrificial altar of Ru.
  2718 | D:2      | Found Etateis's Antique Weapon Boutique.
  3109 | D:3      | Reached *** piety under Elyvilon
  3176 | D:3      | Learned a level 2 spell: Blink
  3291 | D:3      | Found an ancient bone altar of Kikubaaqudgha.
  3390 | D:3      | Reached XP level 5. HP: 11/28 MP: 7/13
  3960 | D:3      | Found a glowing golden altar of the Shining One.
  4197 | D:3      | Reached skill level 5 in Summonings
  4414 | D:4      | Identified the ring of Rexzog {Fly rC+ Will+ Str+3 Dex+3}
  4458 | D:4      | Reached skill level 1 in Translocations
  4716 | D:4      | You are sucked into a shaft and drop 3 floors!
  4716 | D:7      | Noticed a yak
  4716 | D:7      | Noticed a yak
  4727 | D:7      | Noticed an ogre
  4749 | D:7      | Elyvilon protects you from harm!
  4778 | D:7      | Reached **** piety under Elyvilon
  4779 | D:7      | HP: 1/28 [orc priest/divine providence (14)]
  4783 | D:7      | Killed from afar by an orc priest

Illustrated notes

Levels and vault maps discovered:
D:1:      ldierk_water_garden, layout_basic, shapermc_ecumenical_altar_venn
D:2:      layout_rooms, serial_shops, shop, nicolae_shop_hallway_plus, shop,
          basic_altar, guppyfry_early_lair_pool
D:3:      layout_loops_ring, lemuel_zombie_altar_kikubaaqudgha,
          mainiacjoe_overflow_surrounded_room
D:4:      layout_basic, serial_shops, shop, minivault_11, grunt_ministairs_6,
          minmay_fractal_squares_5
D:7:      layout_loops_ring, dreamdust_gnoll_shepherd, uniq_crazy_yiuf_cottage,
          uniq_joseph

Skill      XL: |  1  2  3  4  5 |
---------------+----------------+-----
Stealth        | 3 |  3.2
Dodging        | 3 |  3.6
Hexes          | 1 2 |  2.8
Spellcasting   | 4 |  4.5
Invocations    | 1 |  1.5
Summonings     | 5 |  5.1
Translocations | 1 |  1.0
Air Magic      | |  0.7

Action                   |  1- 3 |  4- 6 || total
-------------------------+-------+-------++-------
Melee: Unarmed           |    26 |    18 ||    44
       Punch             |     1 |     1 ||     2
       Hand axe          |       |    32 ||    32
 Cast: Summon Small Mamm |    43 |    26 ||    69
       Call Canine Famil |     7 |    14 ||    21
       Summon Guardian G |     2 |     2 ||     4
       Blink             |       |     1 ||     1
  Use: Scroll            |     1 |     5 ||     6
 Stab: Sleeping          |     1 |     3 ||     4
Armor: Robe              |     8 |    19 ||    27
Dodge: Dodged            |    39 |    75 ||   114

Table legend: (Time is in decaauts)
 A = Elapsed time spent in this place.
 B = Non-inter-level travel time spent in this place.
 C = Inter-level travel time spent in this place.
 D = Time resting spent in this place.
 E = Time spent auto-exploring this place.
 F = Levels seen in this place.
 G = Mean time per level.
                   A        B        C        D        E       F      G
               +--------+--------+--------+--------+--------+-----+--------+
         Total |   4795 |   4716 |     79 |    794 |   2751 |   5 |  959.0 |
       Dungeon |   4795 |   4716 |     79 |    794 |   2751 |   5 |  959.0 |
               +--------+--------+--------+--------+--------+-----+--------+

Top non-repeatable levels by time:
     D:1: 2210 daAuts
     D:3: 1307 daAuts
     D:2: 781 daAuts
     D:4: 429 daAuts
     D:7: 66 daAuts
